 Dungeon Crawl Stone Soup version 0.22-a0-301-gf0fe05c (webtiles) character file.

24 4thArraOfDagon the Grave Robber (level 2, 0/20 HPs)
             Began as a Demigod Necromancer on Mar 27, 2018.
             Slain by a hound (3 damage)
             ... on level 4 of the Dungeon.
             The game lasted 00:02:53 (654 turns).

4thArraOfDagon the Grave Robber (DgNe)               Turns: 654, Time: 00:02:54

Health: 0/20       AC:  2    Str: 11    XL:     2   Next: 60%
Magic:  1/7        EV: 12    Int: 19    God:
Gold:   111        SH:  0    Dex: 16    Spells: 4/5 levels left

rFire    . . .     SeeInvis .   (no weapon)
rCold    . . .     Gourm    .   (no shield)
rNeg     . . .     Faith    .   a - +0 robe
rPois    .         Spirit   .   (no helmet)
rElec    .         Reflect  .   (no cloak)
rCorr    .         Harm     .   (no gloves)
MR       .....                  (no boots)
Stlth    ++........             g - amulet of the acrobat
HPRegen  0.06/turn              (no ring)
MPRegen  0.10/turn              (no ring)

@: very slightly contaminated
A: high mp 1
a: no special abilities


You were on level 4 of the Dungeon.
You were not hungry.

You visited 1 branch of the dungeon, and saw 4 of its levels.

You collected 111 gold pieces.

Inventory:

Armour
 a - a +0 robe (worn)
 b - a +0 buckler
Jewellery
 f - an uncursed ring of fire
 g - an amulet of the acrobat (around neck)
Comestibles
 c - 2 rations


   Skills:
 - Level 1.7 Dodging
 - Level 1.7 Stealth
 - Level 2.0 Spellcasting
 * Level 4.3 Necromancy


You had 4 spell levels left.
You knew the following spells:

 Your Spells              Type           Power        Failure   Level  Hunger
a - Pain                  Necr           ###.         2%          1    #......


Dungeon Overview and Level Annotations

Branches:
Dungeon (4/15)
 Temple: D:4-7


Innate Abilities, Weirdness & Mutations

You have an increased reservoir of magic. (+10% MP)


Message History

Casting: Pain (safe; 3% risk of failure)
Confirm with . or Enter, or press ? or * to list all spells.
Aiming: Pain (safe; 3% risk of failure)
Press: ? - help, Shift-Dir - straight line, f/p - orc
Aim: an orc, wielding a club and wearing a leather armour (grey smoke, moderately wounded, chance to defeat MR: 89%)
The orc writhes in agony!
You kill the orc!
The orc priest hits you from afar with a trident.
* * * LOW HITPOINT WARNING * * *
Unknown command.
Things that are here:
a club; a leather armour Unknown command.
Unknown command.
Unknown command.
An orc comes into view. It is wielding a hand axe.
The hound barks!
You hear a shout!
The orc shouts!
Unknown command.
The hound bites you.
You die...

.# .. ########.#
.>##........#
............
...........#
h..........#
...........#######
.....o....h.o§§§§#
..........@#####§#
###.....o.....<#§#
#.........####§#
#............).#
#.#+###.########
#. #.. # ####


You could see a hound, an orc priest and 2 orcs.

Vanquished Creatures
  A dart slug (D:1)
  A leopard gecko (D:1)
  2 orcs (D:4)
  3 bats (D:1)
  A giant cockroach (D:1)
  3 hobgoblins
  2 kobolds (D:1)
  A frilled lizard (D:1)
  4 rats
18 creatures vanquished.

Vanquished Creatures (others)
  A human (D:3)
1 creature vanquished.

Grand Total: 19 creatures vanquished

Notes
Turn   | Place    | Note
-------+----------+-------------------------------------------
     0 | D:1      | 4thArraOfDagon the Demigod Necromancer began the quest for the Orb.
     0 | D:1      | Reached XP level 1. HP: 14/14 MP: 5/5
   242 | D:1      | Reached skill level 4 in Necromancy
   242 | D:1      | Reached XP level 2. HP: 7/20 MP: 4/7
   333 | D:1      | HP: 1/20 [rat (2)]
   525 | D:3      | Found an ancient bone altar of Kikubaaqudgha.
   535 | D:3      | Noticed a human
   536 | D:3      | Killed a human
   654 | D:4      | Slain by a hound

Vault maps used:
D:1:      shiori_arrival_oz
D:2:      fedhas_altar_4, uniq_robin
D:3:      grunt_temple_overflow_diamond, first_ration, tgw_kikubaaqudgha
D:4:      minmay_temple_entry_large_hall, uniq_eustachio

Skill      XL: |  1 |
---------------+----+-----
Spellcasting   | 2 |  2.0
Necromancy     | 4 |  4.3
Dodging        | |  1.7
Stealth        | |  1.7

Action                   || total
-------------------------++-------
 Cast: Pain              ||    40
  Use: Scroll            ||     2
       Potion            ||     2
Armor: Robe              ||     3
Dodge: Dodged            ||     4

Table legend:
 A = Spawn XP
 B = Non-spawn XP
 C = Spawn XP percentage of total XP
 D = Spawn monster count
 E = Non-spawn monster count
 F = Spawn count percentage of total count
 G = Total turns spent on level
                    A         B        C        D         E        F      G
               +---------+---------+-------+---------+---------+-------+---------
         Total |       0 |      35 |   0.0 |       0 |      18 |   0.0 |   654
               +---------+---------+-------+---------+---------+-------+---------
           D:1 |       0 |      26 |   0.0 |       0 |      14 |   0.0 |   467
           D:3 |       0 |       3 |   0.0 |       0 |       2 |   0.0 |    84
           D:4 |       0 |       6 |   0.0 |       0 |       2 |   0.0 |    98
               +---------+---------+-------+---------+---------+-------+---------
